 Dungeon Crawl Stone Soup version 0.23-a0-760-g92239d2 (webtiles) character file.

45616 SmSkdm the Martial Artist (level 14, -5/147 HPs)
             Began as a Kitsune Transmuter on May 12, 2019.
             Was the Champion of Wu Jian.
             Slain by a manticore (12 damage)
             ... on level 5 of the Lair of Beasts.
             The game lasted 01:29:43 (25709 turns).

SmSkdm the Martial Artist (Kitsune Transmuter)     Turns: 25709, Time: 01:29:43

Health: -5/147     AC: 27    Str: 17    XL:     14   Next: 72%
Magic:  37/37      EV:  2    Int: 17    God:    Wu Jian [******]
Gold:   1655       SH:  0    Dex: 19    Spells: 15/33 levels left

rFire    . . .     SeeInvis .     - Unarmed
rCold    . . .     Gourm    .   (no shield)
rNeg     + + +     Faith    .   (armour currently unavailable)
rPois    +         Spirit   .   (helmet currently unavailable)
rElec    .         Reflect  .   (cloak currently unavailable)
rCorr    .         Harm     .   (gloves currently unavailable)
MR       +++++     Clarity  +   (boots currently unavailable) Stlth ++++......NoTele +
                                r - amulet of the Four Winds {rN+ MR+++ Clar}
HPRegen  0.34/turn              i - ring of wizardry
MPRegen  0.25/turn              U - ring of Acsuw {MP+9 Str+7}

@: exhausted, tree-form, barbed spikes
A: charm monsters, no helmets
a: Charm Monsters, Wall Jump, Serpent's Lash, Heavenly Storm, Renounce Religion


You were on level 5 of the Lair of Beasts.
You worshipped Wu Jian.
Wu Jian was exalted by your worship.
You were not hungry.
You were a tree.
You visited 3 branches of the dungeon, and saw 19 of its levels.
You also visited: Volcano.

You collected 1655 gold pieces.

Inventory:

Hand Weapons
 F - a +0 shortbow
Missiles
 a - 137 arrows
Armour
 b - a +0 robe
 o - a scarf of resistance (melded)
 G - a +2 hat of intelligence (melded)
 K - a +0 ring mail of positive energy (melded)
 S - a +1 plate armour of fire resistance
Magical Staves
 V - an uncursed staff of earth
Jewellery
 i - a ring of wizardry (left branch)
 r - the amulet of the Four Winds (around neck) {rN+ MR+++ Clar}
   (You found it on level 5 of the Dungeon)

   [amulet of nothing]

   It protects you from negative energy.
   It affects your resistance to hostile enchantments.
   It protects you against confusion.
 u - an uncursed ring of protection from cold
 y - an uncursed ring of resist corrosion
 z - an uncursed amulet of regeneration
 C - an uncursed ring of fire
 N - a +3 ring of evasion
 O - a cursed ring of protection from cold
 R - an uncursed ring of protection from fire
 U - the ring of Acsuw (right branch) {MP+9 Str+7}
   (You found it on level 5 of the Lair of Beasts)

   [ring of magical power]

   It affects your strength (+7).
   It affects your magic capacity (+9).
 X - a +5 ring of intelligence {unknown}
Wands
 g - a wand of scattershot (3)
 t - a wand of disintegration (25)
 w - a wand of polymorph (13)
 D - a wand of enslavement (4)
 E - a wand of acid (8)
 H - a wand of iceblast (16)
 I - a wand of digging (5)
 J - a wand of paralysis (12)
Scrolls
 e - 7 scrolls of identify
 f - 8 scrolls of remove curse
 h - 3 scrolls of magic mapping
 j - 2 scrolls of amnesia {unknown}
 k - a scroll of blinking {unknown}
 l - 7 scrolls of teleportation
 p - 6 scrolls of enchant weapon
 s - a scroll of fog {unknown}
 x - 2 scrolls of immolation {unknown}
 M - 3 scrolls of vulnerability {unknown}
 P - a scroll of enchant armour {unknown}
Potions
 c - 2 potions of brilliance
 m - 2 potions of mutation {unknown}
 n - 4 potions of magic
 v - a potion of lignification
 A - 3 potions of curing
 B - a potion of resistance {unknown}
 L - 3 potions of ambrosia
 Q - 2 potions of flight
 T - a potion of might {unknown}
 W - a potion of agility
Comestibles
 d - 31 rations
 q - a chunk of flesh


   Skills:
 + Level 9.8 Fighting
 + Level 4.3 Armour
 - Level 8.4 Dodging
 + Level 8.9 Stealth
 + Level 10.9 Unarmed Combat
 - Level 10.0 Spellcasting
 - Level 9.8 Transmutations


You had 15 spell levels left.
You knew the following spells:

 Your Spells              Type           Power        Failure   Level  Hunger
a - Beastly Appendage     Tmut           #####.       1%          1    None
b - Sticks to Snakes      Tmut           #####...     1%          2    None
c - Spider Form           Tmut/Pois      ####......   1%          3    None
d - Blade Hands           Tmut           #####.....   1%          5    #####..
e - Confuse               Hex            #.......     11%         3    None
f - Ice Form              Ice/Tmut       ####....     4%          4    ###....

Your spell library contained the following spells:

 Spells                   Type           Power        Failure   Level  Hunger
 Ignite Poison            Fire/Tmut/Pois ###.....     2%          3    None
 Corona                   Hex            #......      3%          1    None
 Magic Dart               Conj           #...         3%          1    None
 Ensorcelled Hibernation  Hex/Ice        #.....       5%          2    None
 Searing Ray              Conj           #.....       5%          2    None
 Dazzling Spray           Conj/Hex       #.....       11%         3    None
 Tukima's Dance           Hex            #.......     11%         3    None
 Force Lance              Conj/Tloc      #.......     32%         4    ###....
 Fulminant Prism          Conj/Hex       #.........   32%         4    ###....
 Iskenderun's Mystic Bla  Conj           #.......     32%         4    ###....
 Summon Lightning Spire   Summ/Air       #.......     32%         4    ###....
 Fireball                 Conj/Fire      #.........   65%         5    #####..
 Lee's Rapid Deconstruct  Erth           #.........   65%         5    #####..
 Bolt of Fire             Conj/Fire      #.........   99%         6    ######.
 Shadow Creatures         Summ           N/A          99%         6    ######.
 Ring of Flames           Chrm/Fire      #.........   100%        7    #######
 Ignition                 Fire           #.........   100%        8    #######


Dungeon Overview and Level Annotations

Branches:
Dungeon (12/15)            Temple (1/1) D:4            Lair (6/6) D:11
 Shoals (0/4) Lair:3        Snake (0/4) Lair:4          Orc (0/2) D:11
  Slime: Lair:5-6

Altars:
Ashenzari
Cheibriados
Dithmenos
Elyvilon
Fedhas
Gozag
Hepliaklqana
Kikubaaqudgha
Makhleb
Nemelex Xobeh
Okawaru
Qazlal
Ru
Sif Muna
Trog
Uskayaw
Vehumet
Wu Jian
Xom
Yredelemnul
Zin
The Shining One


Innate Abilities, Weirdness & Mutations

You can charm monsters.
You have fox ears (no helmets).
((You have sharp fingernails.))


Message History

* * * LOW HITPOINT WARNING * * *
The Council accepts your kill.
You feel a bit more experienced.
There is a stone staircase leading up, spattered with blood here.
The manticore bites you but does no damage.
The manticore barely misses you. The manticore closely misses you.
The barbed spikes dig painfully into your body as you move.
* * * LOW HITPOINT WARNING * * *
You climb upwards.
There is a stone staircase leading down here.
You can't go up here!
You turn into a tree.
Your scarf of resistance melds into your body.
Your +2 hat of intelligence melds into your body.
Your +0 ring mail of positive energy melds into your body.
You feel hot and cold all over.
You feel stupid.
You feel less protected from negative energy.
Your roots penetrate the ground.
The manticore bites you!
You die...

≈≈≈≈≈≈≈≈..##..###.##.######...###
≈≈≈≈≈≈≈≈..##.+P.P..##.P#.##.P'#.#
≈≈≈≈≈≈.≈....>...PPP##............
..≈≈≈≈.##.......P...[............
.#≈#P≈.###.......................
.[###.## #..........#.#..........
.#.#### ##...........##..........
...# ##.........P#####.........
.### #.#......♣..# #..........
.### ###......H..# #..........
...# #.........## #.###.#####
..## ##.........# ### ### P..#
#.......<## #PP## ####......P..#
#.PP###.#.......P.##
..................#
......P...........#


You could see a manticore.

Vanquished Creatures
  Gastronok (D:9)
  A hydra (Lair:1)
  A two-headed ogre (D:10)
  Urug (D:10)
  Sonja (D:10)
  A sea snake (Lair:6)
  2 skeletal warriors (Volcano)
  An unseen horror (D:9)
  Pikel (D:5)
  2 anaconda skeletons (Volcano)
  An ugly thing (D:12)
  4 oklob plants (Lair:5)
  A manticore (Lair:6)
  A black mamba (Lair:2)
  A centaur zombie (D:11)
  14 elephants
  2 torpor snails
  3 gargoyles (Volcano)
  8 spiny frogs
  6 rime drakes
  4 komodo dragons
  A kobold demonologist (D:11)
  A merfolk (D:10)
  4 polar bears
  A hornet (Lair:6)
  8 blink frogs
  5 hippogriffs
  2 harpy skeletons (Volcano)
  2 dream sheep (Lair:2)
  3 flying skulls (Volcano)
  A spriggan (D:10)
  An alligator skeleton (Volcano)
  41 yaks
  6 basilisks
  A howler monkey (D:12)
  2 steam dragons
  5 nagas (Lair:4)
  9 porcupines
  4 orc warriors
  9 water moccasins
  A phantom (D:5)
  3 ice beasts
  2 necrophages
  2 sky beasts
  3 ogres
  4 centaurs
  22 crocodiles
  6 big kobolds (D:11)
  16 bullfrogs
  3 gnoll sergeants (D:11)
  A wyvern zombie (D:4)
  2 scorpions
  11 killer bees
  A spriggan skeleton (Volcano)
  5 electric eels
  10 wights
  2 troll skeletons (Volcano)
  6 crimson imps
  A bullfrog zombie (D:8)
  A jelly (D:5)
  A gnoll shaman (D:5)
  2 bullfrog skeletons
  5 orc priests
  3 hounds
  6 iguanas
  10 orc wizards
  14 worker ants
  A killer bee zombie (D:6)
  2 naga skeletons (Volcano)
  A hound skeleton (D:5)
  14 gnolls
  7 adders
  A shadow imp (D:7)
  An ooze (D:1)
  An adder skeleton (D:4)
  4 worms (D:2)
  A dart slug (D:1)
  10 leopard geckos
  34 orcs
  3 giant cockroaches
  A goblin (D:2)
  7 hobgoblins
  7 jackals
  2 quokkas
  A ball python (D:6)
  2 bats
  7 frilled lizards
  A jackal skeleton (D:4)
  8 kobolds
  2 leopard gecko skeletons
  8 rats
  A plant (Lair:5)
433 creatures vanquished.

Vanquished Creatures (collateral kills)
  Harold (D:8)
  2 death yaks (Lair:6)
  2 gargoyles (Volcano)
  A spiny frog (Lair:6)
  A torpor snail (Lair:2)
  A troll (D:11)
  A hippogriff (D:11)
  A gnoll sergeant (D:11)
  7 yaks
  3 basilisks (Lair:4)
  A naga (Lair:4)
  2 big kobolds (D:11)
  An orc warrior (D:11)
  An ice beast (D:10)
  An ogre (D:11)
  2 centaurs (D:12)
  A crocodile (Lair:6)
  An orc priest (D:7)
  An orc wizard (D:8)
  A naga skeleton (Volcano)
  An adder (D:2)
  2 gnolls
  2 worms (D:2)
  An orc (D:8)
  A kobold (D:11)
  A rat (D:2)
  A fungus (Lair:4)
41 creatures vanquished.

Vanquished Creatures (others)
  A slave (D:5)
  An adder skeleton (D:5)
  An orc (D:10)
  A giant cockroach (D:5)
  A bush (D:11)
  15 fungi
  30 plants
50 creatures vanquished.

Grand Total: 524 creatures vanquished

Notes
Turn   | Place    | Note
-------+----------+-------------------------------------------
     0 | D:1      | SmSkdm the Kitsune Transmuter began the quest for the Orb.
     0 | D:1      | Reached XP level 1. HP: 12/12 MP: 3/3
    84 | D:1      | Reached skill level 1 in Fighting
   342 | D:1      | Reached XP level 2. HP: 11/18 MP: 5/5
   675 | D:2      | Reached XP level 3. HP: 23/23 MP: 6/6
   787 | D:2      | HP: 1/24 [poisoned by an adder]
  1071 | D:1      | Learned a level 2 spell: Sticks to Snakes
  1075 | D:1      | Learned a level 3 spell: Spider Form
  1082 | D:2      | Reached XP level 4. HP: 29/29 MP: 3/7
  1778 | D:2      | Found a basalt altar of Yredelemnul.
  2476 | D:4      | Reached XP level 5. HP: 32/35 MP: 8/8
  2583 | D:4      | Found a staircase to the Ecumenical Temple.
  2603 | Temple   | Entered the Ecumenical Temple
  2622 | Temple   | Became a worshipper of the Wu Jian Council
  2744 | D:4      | Found a sparkling altar of Nemelex Xobeh.
  2744 | D:4      | Found an iron altar of Okawaru.
  3008 | D:4      | Found a shadowy altar of Dithmenos.
  3241 | D:3      | Reached XP level 6. HP: 34/41 MP: 5/10
  3591 | D:4      | Found a deep blue altar of Sif Muna.
  4174 | D:4      | Learned a level 5 spell: Blade Hands
  4201 | D:5      | Entered Level 5 of the Dungeon
  4267 | D:5      | Reached XP level 7. HP: 20/46 MP: 9/12
  4454 | D:5      | Noticed Pikel
  4466 | D:5      | Killed Pikel
  4466 | D:5      | Reached XP level 8. HP: 33/54 MP: 10/14
  4735 | D:5      | Found a white marble altar of Elyvilon.
  4738 | D:5      | Found the amulet of the Four Winds {rN+ MR+++ Clar}
  4839 | D:5      | Reached skill level 5 in Unarmed Combat
  5450 | D:5      | Reached * piety under Wu Jian
  5702 | D:5      | Reached skill level 5 in Spellcasting
  6080 | D:6      | Reached skill level 5 in Transmutations
  6091 | D:6      | Reached XP level 9. HP: 53/58 MP: 14/16
  6448 | D:6      | Found a shattered altar of Ashenzari.
  6908 | D:6      | Found a bloodstained altar of Trog.
  7228 | D:7      | Reached ** piety under Wu Jian
  7551 | D:8      | Noticed Harold
  7850 | D:8      | Killed Harold
  7850 | D:8      | Reached skill level 5 in Fighting
  7856 | D:8      | Reached XP level 10. HP: 65/66 MP: 19/19
  8383 | D:9      | Found a blossoming altar of Fedhas.
  8418 | D:9      | Noticed Gastronok
  8462 | D:10     | Entered Level 10 of the Dungeon
  8486 | D:9      | Killed Gastronok
  8486 | D:9      | Reached skill level 5 in Dodging
  8515 | D:10     | Noticed Sonja
  8523 | D:10     | Killed Sonja
  8718 | D:10     | Reached *** piety under Wu Jian
  8949 | D:10     | Reached XP level 11. HP: 49/72 MP: 20/22
  9422 | D:8      | HP: 3/73 [poisoned by a worker ant]
  9737 | D:9      | Found a glowing golden altar of the Shining One.
  9749 | D:9      | Reached skill level 1 in Stealth
 10161 | D:10     | Noticed Urug
 10482 | D:11     | Found a staircase to the Lair.
 10815 | D:9      | Killed an unseen horror
 11150 | D:10     | Reached **** piety under Wu Jian
 11663 | D:10     | Killed Urug
 11932 | D:10     | Noticed a two-headed ogre
 11946 | D:10     | Killed a two-headed ogre
 12803 | D:11     | Reached XP level 12. HP: 14/81 MP: 19/24
 12918 | D:11     | Learned a level 3 spell: Confuse
 14131 | D:11     | Found a staircase to the Orcish Mines.
 14769 | D:12     | Noticed a five-headed hydra
 14843 | Lair:1   | Entered Level 1 of the Lair of Beasts
 14849 | Lair:1   | Learned a level 4 spell: Ice Form
 14869 | Lair:1   | Noticed a five-headed hydra
 14883 | Lair:1   | Killed a five-headed hydra
 15361 | Lair:1   | Reached ***** piety under Wu Jian
 16016 | Lair:1   | Reached skill level 5 in Stealth
 16667 | Lair:2   | Reached XP level 13. HP: 77/88 MP: 20/26
 17072 | Lair:2   | Reached skill level 10 in Spellcasting
 18893 | Lair:3   | Found a staircase to the Shoals.
 19353 | Lair:4   | Found a dark tunnel.
 19390 | Volcano  | Entered a volcano
 20990 | Lair:4   | Reached skill level 1 in Armour
 21051 | Lair:4   | Found a staircase to the Snake Pit.
 21071 | Lair:4   | Reached skill level 10 in Unarmed Combat
 22355 | Lair:5   | Identified the Grimoire of Clay and the Escort
 22361 | Lair:5   | Reached XP level 14. HP: 76/97 MP: 25/28
 22380 | Lair:5   | Got a twitching glass ring
 22385 | Lair:5   | Identified the ring of Acsuw {MP+9 Str+7} (You found it on
                  | level 5 of the Lair of Beasts)
 22961 | Lair:6   | Entered Level 6 of the Lair of Beasts
 24338 | Lair:6   | Reached ****** piety under Wu Jian
 25708 | Lair:6   | HP: 4/98 [barbs]
 25709 | Lair:5   | Slain by a manticore

Vault maps used:
D:1:      evilmike_arrival_crescent
D:2:      lemuel_statue_altar
D:3:      first_ration
D:4:      nemelex_xobeh_ov_fountains_minmay, okawaru_metal_pillars_1_2,
          lemuel_doored_altar, nicolae_overflow_hidden_temple,
          minmay_temple_entry_overgrown
D:5:      elyvilon_altar_3, uniq_pikel
D:6:      overflow_temple_1_default, lightli_temple_of_fire,
          hangedman_abyss_or_decor_lesser_grid, nicolae_benzene_ring,
          minmay_lizard_king
D:8:      uniq_harold
D:9:      lemuel_crystal_altar, kennysheep_little_box, uniq_gastronok
D:10:     hangedman_stone_soup, uniq_sonja, uniq_urug
D:11:     minmay_lair_entry_grove, kennysheep_orc_monster_closet_entryway,
          moated_statue, minivault_5
Temple:   dshaligram_water_room_temple
Lair:2:   serial_bayou_shore_a, grunt_megastairs_4, lemuel_fruit_tree
Lair:3:   wad_woods_structure_01, elwin_shoals_entry_rooms, lemuel_fruit_fields
Lair:4:   minmay_snake_entry_guardpost_large, enter_volcano_2, st_stairs_10,
          zaba_anthole, minmay_holes, kennysheep_basilisk_garden,
          grunt_megastairs_3
Lair:5:   disabler_island, infiniplex_staircase_pool_2,
          minmay_lair_oklob_chamber
Lair:6:   gammafunk_lair_ancient_temple, slime_altar_1
Volcano:  volcano_tomb

Skill      XL: |  1  2  3  4  5  6  7  8  9 10 11 12 13 14 |
---------------+-------------------------------------------+-----
Fighting       | 1 2 3 4 5 6 7 9 |  9.8
Unarmed Combat | 3 4 5 6 7 8 10 | 10.9
Dodging        | 2 3 4 5 6 7 8 |  8.4
Spellcasting   | 3 4 5 6 7 8 9 10 | 10.0
Transmutations | 3 4 5 6 7 8 9 |  9.8
Stealth        | 3 5 7 8 |  8.9
Armour         | 2 4 |  4.3

Action                   |  1- 3 |  4- 6 |  7- 9 | 10-12 | 13-15 || total
-------------------------+-------+-------+-------+-------+-------++-------
Melee: Unarmed           |    64 |   198 |   334 |   481 |   502 ||  1579
       Kick              |     3 |       |       |       |       ||     3
       Punch             |     2 |       |       |    14 |    17 ||    33
 Cast: Beastly Appendage |     1 |       |       |       |       ||     1
       Spider Form       |     1 |    14 |    24 |     4 |       ||    43
       Blade Hands       |       |       |       |    45 |    59 ||   104
       Confuse           |       |       |       |     2 |       ||     2
       Ice Form          |       |       |       |     1 |       ||     1
       Sticks to Snakes  |       |       |       |     1 |       ||     1
Invok: Lunge             |       |     7 |    30 |    48 |    45 ||   130
       Whirlwind         |       |       |    66 |    58 |    91 ||   215
       Wall Jump         |       |       |     6 |    74 |    43 ||   123
       Serpent's Lash    |       |       |       |     1 |       ||     1
 Abil: Charm Monsters    |     1 |     1 |     5 |    15 |    16 ||    38
Evoke: Wand              |       |       |     2 |     2 |       ||     4
  Use: Potion            |       |     1 |       |    11 |     2 ||    14
       Scroll            |       |       |       |     7 |     2 ||     9
 Stab: Sleeping          |       |     1 |     4 |     6 |    10 ||    21
       Distracted        |       |       |     2 |     4 |     2 ||     8
       Betrayed ally     |       |       |     1 |     7 |    11 ||    19
  Eat: Chunk             |       |    12 |     9 |    23 |    28 ||    72
       Ration            |       |       |     2 |     4 |     4 ||    10
Armor: Robe              |    10 |    14 |     7 |    13 |       ||    44
       Skin              |       |       |     4 |     1 |       ||     5
       Ring mail         |       |       |       |    36 |    53 ||    89
Dodge: Dodged            |    45 |   118 |   211 |   264 |   242 ||   880

Table legend:
 A = Non-vault XP
 B = Vault XP
 C = Vault XP percentage of total XP
 D = Non-vault monster count
 E = Vault monster count
 F = Vault count percentage of total count
                 A         B        C        D         E       F
            +---------+---------+-------+---------+---------+-------
      Total |   38038 |   27129 |  41.6 |     335 |     118 |  26.0
            +---------+---------+-------+---------+---------+-------
        D:1 |      28 |       0 |   0.0 |      12 |       0 |   0.0
        D:2 |      95 |       0 |   0.0 |      29 |       0 |   0.0
        D:3 |      49 |       0 |   0.0 |      10 |       0 |   0.0
        D:4 |     299 |       0 |   0.0 |      16 |       0 |   0.0
        D:5 |     812 |     584 |  41.8 |      24 |       1 |   4.0
        D:6 |     433 |      51 |  10.5 |      18 |       8 |  30.8
        D:7 |     305 |       0 |   0.0 |      10 |       0 |   0.0
        D:8 |     855 |     637 |  42.7 |      22 |       1 |   4.3
        D:9 |    2286 |    1282 |  35.9 |      26 |       1 |   3.7
       D:10 |    2718 |    2138 |  44.0 |      17 |       6 |  26.1
       D:11 |    3524 |    3445 |  49.4 |      34 |      30 |  46.9
       D:12 |    1196 |       0 |   0.0 |       8 |       0 |   0.0
     Lair:1 |    4475 |       0 |   0.0 |      18 |       0 |   0.0
     Lair:2 |    1958 |     556 |  22.1 |      10 |       2 |  16.7
     Lair:3 |    3467 |    1019 |  22.7 |      19 |       5 |  20.8
     Lair:4 |    2357 |    2709 |  53.5 |      13 |      18 |  58.1
     Lair:5 |    1917 |    3049 |  61.4 |      10 |      10 |  50.0
     Lair:6 |   11264 |    5673 |  33.5 |      39 |      16 |  29.1
    Volcano |       0 |    5986 | 100.0 |       0 |      20 | 100.0
            +---------+---------+-------+---------+---------+-------
